 Dungeon Crawl Stone Soup version 0.31-a0-845-g9abc20d24f (webtiles) character file.

Game seed: 14149767500067433094

2816 HKK101 the Basher (level 9, -1/68 HPs)
             Began as a Demonspawn Monk on Oct 2, 2023.
             Was a Priest of Vehumet.
             Slain by a yak (8 damage)
             ... on level 10 of the Dungeon.
             The game lasted 00:42:57 (3996 turns).

HKK101 the Basher (Demonspawn Monk)                 Turns: 3996, Time: 00:42:58

Health: -1/68      AC: 21    Str: 15    XL:     9   Next: 44%
Magic:  9/9        EV:  5    Int: 13    God:    Vehumet [***...]
Gold:   198        SH:  0    Dex: 15    Spells: 7/8 levels left

rFire   . . .        m - +3 flail (protect)
rCold   . . .        h - orb {light}
rNeg    . . .        j - +0 plate armour
rPois   +            (helmet restricted)
rElec   .            (no cloak)
rCorr   .            o - +0 pair of gloves
SInv    .            (no boots)
Will    .....        w - amulet of faith
Stlth   x              - ring of poison resistance
HPRegen 0.31/turn    (no ring)
MPRegen 0.11/turn

%: faith
@: under a protective aura, glowing
A: horns 1, powered by death 2, sharp scales 1
a: Renounce Religion


You were on level 10 of the Dungeon.
You worshipped Vehumet.
Vehumet was most pleased with you.
You visited 2 branches of the dungeon, and saw 11 of its levels.

You collected 220 gold pieces.
You spent 22 gold pieces at shops.

Inventory:

Hand Weapons
 a - a +0 falchion
 c - a +3 battleaxe of flaming
 m - a +3 flail of protection (weapon)
 r - a +1 glaive of flaming
Armour
 d - an orb of light
 f - +0 swamp dragon scales
 g - a +0 leather armour
 h - an orb of light (worn)
 j - a +0 plate armour (worn)
 o - a +0 pair of gloves (worn)
 p - a +1 ring mail of fire resistance
Jewellery
 k - an amulet of magic regeneration
 w - an amulet of faith (around neck)
 x - a ring of poison resistance (left hand)
Wands
 l - a wand of charming (4)
 y - a wand of roots (2)
Scrolls
 n - a scroll of revelation {unknown}
 q - 3 scrolls of amnesia {unknown}
 s - a scroll of fog {unknown}
 v - a scroll of acquirement {unknown}
Potions
 e - a potion of attraction
 i - a potion of cancellation
 t - a potion of brilliance {unknown}
 u - a potion of lignification
 z - a potion of heal wounds {unknown}


   Skills:
 + Level 5.2 Fighting
 - Level 3.6 Long Blades
 * Level 8.1 Maces & Flails
 + Level 4.4 Armour
 + Level 4.2 Dodging
 * Level 4.5 Conjurations
 + Level 1.4 Evocations


You had 7 spell levels left.
You knew the following spells:

 Your Spells              Type           Power      Damage    Failure   Level
a - Kiss of Death         Conj/Necr      20%        2d7       87%         1

Your spell library contained the following spells:

 Spells                   Type           Power      Damage    Failure   Level
 Frozen Ramparts          Ice            0%         1d1       100%        3
 Sandblast                Erth           0%         2d4       99%         1
 Stone Arrow              Conj/Erth      10%        3d7       99%         3
 Ensorcelled Hibernation  Hex/Ice        0%         N/A       100%        2
 Jinxbite                 Hex            0%         N/A       100%        2
 Passwall                 Tmut/Erth      0%         N/A       100%        2
 Anguish                  Hex/Necr       0%         N/A       100%        4
 Brom's Barrelling Bould  Conj/Erth      5%         2d3       100%        4
 Manifold Assault         Tloc           0%         N/A       100%        4
 Dispersal                Tloc           0%         N/A       100%        6
 Disjunction              Tloc           0%         N/A       100%        8


Dungeon Overview and Level Annotations

Branches:
Dungeon (9/15)             Temple (1/1) D:4
   Lair: D:8-11         Orc: D:9-12

Altars:
Ashenzari
Cheibriados
Dithmenos
Fedhas
Gozag
Okawaru
Qazlal
Ru
Trog
Vehumet
Wu Jian
Xom

Shops:
D:2 ?   D:8 (

Annotations:
D:3 2 transporters, Kurtz's ghost, amateur OpFi


Innate Abilities, Weirdness & Mutations

You have a pair of small horns on your head.
You regenerate health from kills.
You are partially covered in razor-sharp scales. (AC +1, Slay +1)


Message History

You hit the yak.
The yak is moderately wounded.
The yak gores you! The yak gores you but does no damage.
You sock the yak! You headbutt the yak.
The yak is severely wounded.
The yak gores you. The yak gores you but does no damage.
You hit the yak. You headbutt the yak.
You kill the yak!
Vehumet accepts your kill. The yak gores you.
The yak gores you but does no damage.
You feel better. The yak gores you!
* * * LOW HITPOINT WARNING * * *
The yak gores you but does no damage. The yak barely misses you.
Aiming: Charm
Press: ? - help, Q - select action, (/) - cycle Shift-Dir - straight line, f - yak
Aim: a yak (haloed, chance to affect: 52%)
The yak is charmed.
The yak gores your yak! The yak gores you but does no damage.
The yak barely misses you.
You barely miss the yak. You headbutt the yak.
The yak is moderately wounded.
The yak gores your yak!
Your yak gores the yak but does no damage.
The yak gores you but does no damage. x2
You hit the yak.
The yak is moderately wounded.
The yak gores your yak!
Your yak dies!
The yak barely misses you. The yak closely misses you.
Aiming: Charm
Press: ? - help, Q - select action, (/) - cycle Shift-Dir - straight line, f - yak
Aim: a yak (haloed, chance to affect: 52%)
The yak is charmed.
The yak gores you!
* * * LOW HITPOINT WARNING * * *
Unknown command.
You hit the yak. Your headbutt misses the yak.
The yak is heavily wounded.
The yak gores you!
You die...

Y.Y...# #...... V...
#...... ####Y#
#...... #...Y#
######' ##.#### #.
#..# ## ####'########
######
#...Y.......####.....
#..Y@Y......#........
#...........#.##.....
#...........#.##.....
#...........'.##.....
#...........#########
#...........#
#############


You could see 2 yaks and a friendly yak (charmed).

Vanquished Creatures
  Maggie (D:7)
  Prince Ribbit (D:6)
  A shadow (D:7)
  A vampire (D:10)
  4 yaks
  A steam dragon (D:8)
  An orc warrior (D:8)
  An ogre (D:6)
  A centaur (D:6)
  Blork the orc (D:5)
  2 bullfrogs (D:8)
  A scorpion (D:4)
  A wight (D:8)
  6 killer bees (D:8)
  3 centaur zombies (D:6)
  A human zombie (D:6)
  An orc priest (D:8)
  2 hounds
  An iguana (D:6)
  2 sleepcaps
  An orc wizard (D:3)
  2 gnolls (D:6)
  2 adders
  2 shadow imps
  An ufetubus (D:6)
  2 worms (D:4)
  2 dart slugs (D:1)
  9 orcs
  3 ball pythons
  2 bats (D:2)
  3 endoplasms
  A goblin (D:2)
  A kobold (D:2)
  2 frilled lizards
66 creatures vanquished.

Vanquished Creatures (collateral kills)
  A wight (D:8)
  A killer bee (D:8)
  A jelly (D:7)
  4 orcs (D:8)
7 creatures vanquished.

Vanquished Creatures (others)
  A yak (D:10)
  A black bear (D:8)
  A wight (D:8)
  An orc wizard (D:8)
  An orc (D:8)
5 creatures vanquished.

Grand Total: 78 creatures vanquished

Notes
Turn   | Place    | Note
-------+----------+-------------------------------------------
     0 | D:1      | HKK101 the Demonspawn Monk began the quest for the Orb.
     0 | D:1      | Reached XP level 1. HP: 18/18 MP: 1/1
   150 | D:2      | Found Vaunteck's Magic Scroll Boutique.
   157 | D:2      | Gained mutation: You regenerate a little health from kills.
                  | [demonic ancestry]
   157 | D:2      | Reached XP level 2. HP: 24/24 MP: 2/2
   334 | D:2      | Bought a scroll of identify for 22 gold pieces
   363 | D:3      | Found a blossoming altar of Fedhas.
   419 | D:3      | Reached XP level 3. HP: 30/30 MP: 3/3
   600 | D:3      | Noticed Kurtz's ghost (amateur OpFi)
   602 | D:3      | Found a transporter.
   615 | D:3      | Found a transporter.
   735 | D:4      | Found a staircase to the Ecumenical Temple.
   747 | D:4      | Gained mutation: You are partially covered in razor-sharp
                  | scales. (AC +1, Slay +1) [demonic ancestry]
   747 | D:4      | Reached XP level 4. HP: 25/37 MP: 4/4
   807 | Temple   | Entered the Ecumenical Temple
   964 | Temple   | Became a worshipper of Vehumet
   964 | Temple   | Reached * piety under Vehumet
   964 | Temple   | Offered knowledge of Kiss of Death by Vehumet.
   964 | Temple   | Reached ** piety under Vehumet
   967 | Temple   | Learned a level 1 spell: Kiss of Death
  1069 | D:4      | Noticed a scorpion
  1079 | D:4      | Killed a scorpion
  1080 | D:4      | Reached skill level 1 in Maces & Flails
  1080 | D:4      | Reached XP level 5. HP: 42/42 MP: 5/5
  1094 | D:4      | Reached skill level 1 in Armour
  1094 | D:4      | Reached skill level 1 in Conjurations
  1133 | D:4      | Offered knowledge of Scorch by Vehumet.
  1174 | D:5      | Entered Level 5 of the Dungeon
  1185 | D:5      | Noticed Blork the orc
  1196 | D:5      | Killed Blork the orc
  1197 | D:5      | Reached skill level 2 in Maces & Flails
  1252 | D:6      | Noticed an ogre
  1266 | D:6      | Killed an ogre
  1267 | D:6      | Gained mutation: You have a pair of small horns on your
                  | head. [demonic ancestry]
  1267 | D:6      | Reached XP level 6. HP: 10/48 MP: 6/6
  1378 | D:6      | Reached skill level 3 in Maces & Flails
  1606 | D:6      | Reached skill level 4 in Maces & Flails
  1658 | D:6      | Noticed Prince Ribbit
  1716 | D:6      | Reached XP level 7. HP: 48/54 MP: 7/7
  1732 | D:6      | Killed Prince Ribbit
  1733 | D:6      | Reached skill level 5 in Maces & Flails
  1902 | D:7      | Noticed Maggie
  1926 | D:7      | Killed Maggie
  1927 | D:7      | Reached skill level 6 in Maces & Flails
  1927 | D:7      | Gained mutation: You regenerate health from kills. [demonic
                  | ancestry]
  1927 | D:7      | Reached XP level 8. HP: 10/61 MP: 8/8
  2497 | D:9      | Noticed a queen bee
  2835 | D:8      | Reached skill level 7 in Maces & Flails
  2940 | D:8      | Offered knowledge of Frozen Ramparts by Vehumet.
  2945 | D:8      | Reached skill level 5 in Fighting
  2945 | D:8      | Reached XP level 9. HP: 26/68 MP: 9/9
  3177 | D:8      | Found Xeokeist's Antique Weapon Emporium.
  3358 | D:9      | Noticed a troll
  3394 | D:8      | HP: 1/68 [troll (4)]
  3741 | D:7      | Reached skill level 1 in Evocations
  3741 | D:7      | Found an iron altar of Okawaru.
  3813 | D:7      | Found a sacrificial altar of Ru.
  3826 | D:7      | You fall into a shaft and drop 3 floors!
  3826 | D:10     | Entered Level 10 of the Dungeon
  3987 | D:10     | Reached *** piety under Vehumet
  3988 | D:10     | Reached skill level 8 in Maces & Flails
  3996 | D:10     | Slain by a yak

Illustrated notes

Levels and vault maps discovered:
D:1:      nicolae_arrival_memento_mori, layout_rooms, serial_shops, shop
D:2:      layout_rooms, serial_shops, nicolae_shop_tiny_glass, uniq_robin
D:3:      layout_basic, yredelemnul_forgotten_temple_becter, fedhas_altar_1,
          gammafunk_ghost_arena, minmay_cut_off
D:4:      layout_rooms, temple_fountains, corexii_item_surrounded_by_moat
D:5:      layout_gridville, st_stairs_2, uniq_blork_the_orc, uniq_grinder
D:6:      layout_loops_ring, mainiacjoe_overflow_surrounded_room,
          nicolae_hepliaklqana_hippocampus,
          lemuel_mausoleum_altar_kikubaaqudgha, uniq_prince_ribbit1
D:7:      layout_layer_cave, mainiacjoe_overflow_six_doors_small,
          okawaru_gym_becter, uniq_crazy_yiuf_cottage, uniq_maggie
D:8:      layout_rooms, tso_oasis_becter, serial_aquarium,
          aquarium_bridge_square [aquarium_subvault_wall,
          aquarium_subvault_wall, aquarium_subvault_bridge,
          aquarium_subvault_wall], aquarium_window_corner,
          aquarium_window_corner, aquarium_view_2b, serial_shops, shop_fountains
D:9:      layout_loops_corners, nemelex_spade_bored_becter,
          jmf_multi_god_temple2, grunt_lair_entry_orc_guard_hut,
          amcnicky_mini_rare_corridor_liquid, nicolae_looking_at_the_future
D:10:     layout_roguey, led_sif_pool, kennysheep_generic_room_13
Temple:   nicolae_temple_two_arcs

Skill      XL: |  1  2  3  4  5  6  7  8  9 |
---------------+----------------------------+-----
Long Blades    | 3 |  3.6
Dodging        | 3 4 |  4.2
Maces & Flails | 1 2 4 6 7 8 |  8.1
Armour         | 1 2 3 4 |  4.4
Conjurations   | 1 2 3 4 |  4.5
Fighting       | 4 5 |  5.2
Evocations     | 1 |  1.4

Action                     |  1- 3 |  4- 6 |  7- 9 || total
---------------------------+-------+-------+-------++-------
  Melee: Falchion          |    41 |       |       ||    41
         Flail             |    10 |    79 |   140 ||   229
         Headbutt          |       |    12 |    34 ||    46
  Evoke: Wand              |       |       |    19 ||    19
    Use: Scroll            |     1 |     4 |     5 ||    10
         Potion            |       |     2 |     4 ||     6
 Armour: Robe              |     3 |       |       ||     3
         Leather armour    |    33 |       |       ||    33
         Ring mail         |       |    75 |    22 ||    97
         Swamp dragon scal |       |       |   127 ||   127
         Plate armour      |       |       |    69 ||    69
  Dodge: Dodged            |    38 |    58 |   153 ||   249

Table legend: (Time is in decaauts)
 A = Elapsed time spent in this place.
 B = Non-inter-level travel time spent in this place.
 C = Inter-level travel time spent in this place.
 D = Time resting spent in this place.
 E = Time spent auto-exploring this place.
 F = Levels seen in this place.
 G = Mean time per level.
                   A        B        C        D        E       F      G
               +--------+--------+--------+--------+--------+-----+--------+
         Total |   4041 |   4031 |     10 |      0 |      0 |  11 |  367.4 |
       Dungeon |   3865 |   3855 |     10 |      0 |      0 |  10 |  386.5 |
        Temple |    176 |    176 |      0 |      0 |      0 |   1 |  176.0 |
               +--------+--------+--------+--------+--------+-----+--------+

Top non-repeatable levels by time:
     D:8: 1375 daAuts
     D:6: 662 daAuts
     D:7: 536 daAuts
     D:3: 388 daAuts
     D:4: 274 daAuts
     D:2: 202 daAuts
  Temple: 176 daAuts
    D:10: 170 daAuts
     D:1: 148 daAuts
     D:5: 73 daAuts
     D:9: 33 daAuts
